 Dungeon Crawl Stone Soup version 0.27-a0-1202-ge72e49191c (webtiles) character file.

Game seed: 17562282235697476721

1117 Ancestrald the Grappler (level 8, -1/78 HPs)
             Began as a Troll Berserker on June 2, 2021.
             Was an Elder of Trog.
             Slain by a killer bee zombie (2 damage)
             ... on level 6 of the Dungeon.
             The game lasted 00:31:34 (5103 turns).

Ancestrald the Grappler (Troll Berserker)           Turns: 5103, Time: 00:31:34

Health: -1/78      AC:  4    Str: 26    XL:     8   Next: 12%
Magic:  7/7        EV: 11    Int:  3    God:    Trog [****..]
Gold:   305        SH:  0    Dex: 11    Spells: 7/7 levels left

rFire    . . .     SeeInvis .     - Unarmed
rCold    . . .     Faith    .   (no shield)
rNeg     . . .     Spirit   .   a - +0 animal skin
rPois    .         Reflect  .   (helmet restricted)
rElec    .         Harm     .   (no cloak)
rCorr    .         Rampage  .   (gloves unavailable)
Will     ++...                  (boots unavailable)
Stlth    +.........             (no amulet)
HPRegen  2.23/turn              (no ring)
MPRegen  0.10/turn              (no ring)

@: lethally poisoned (-1 -> -1), strong-willed, on berserk cooldown,
regenerating, slowed, very slow
A: large, unfitting armour, claws 3, regeneration 1, shaggy fur 1, tough skin 1
a: Renounce Religion, Berserk, Trog's Hand, Brothers in Arms


You were on level 6 of the Dungeon.
You worshipped Trog.
Trog was greatly pleased with you.
You visited 2 branches of the dungeon, and saw 7 of its levels.

You collected 305 gold pieces.

Inventory:

Hand Weapons
 b - a +0 falchion
 i - a +3 dagger of venom
 s - a +0 dagger of holy wrath
 v - a +3 mace
 w - a +0 morningstar of protection
 C - a +0 hunting sling
Missiles
 d - 27 poisoned darts
 h - 4 datura-tipped darts
 j - 131 stones
 k - 8 boomerangs
 m - 19 bolts
 n - 79 arrows
 o - 18 sling bullets
 y - 5 large rocks
Armour
 a - a +0 animal skin (worn)
 p - a +0 pair of gloves
 t - a +0 robe
Wands
 u - a wand of iceblast (6)
 M - a wand of flame (11) (quivered)
Scrolls
 c - a scroll of teleportation
 q - a scroll of magic mapping
 x - a scroll of amnesia
 z - a scroll of fog {unknown}
Potions
 e - a potion of lignification
 f - 3 potions of heal wounds
 g - 3 potions of curing
 l - a potion of ambrosia {unknown}
 r - a potion of brilliance {unknown}


   Skills:
 * Level 4.0 Fighting
 * Level 4.5 Dodging
 - Level 0.2 Stealth
 * Level 8.0 Unarmed Combat


You had 7 spell levels left.
You didn't know any spells.
Your spell library contained the following spells:

 Spells                   Type           Power      Damage    Failure   Level
 Corona                   Hex            0%         N/A       52%         1
 Ensorcelled Hibernation  Hex/Ice        0%         N/A       67%         2
 Confusing Touch          Hex            0%         N/A       88%         3
 Dazzling Flash           Conj/Hex       0%         N/A       88%         3
 Gell's Gravitas          Tloc           0%         N/A       88%         3
 Tukima's Dance           Hex            0%         N/A       88%         3
 Petrify                  Tmut/Erth      0%         N/A       99%         4
 Metabolic Englaciation   Hex/Ice        0%         N/A       100%        5
 Yara's Violent Unravell  Hex/Tmut       0%         3d3       100%        5


Dungeon Overview and Level Annotations

Branches:
Dungeon (7/15)             Temple (1/1) D:7

Altars:
Cheibriados
Elyvilon
Fedhas
Gozag
Hepliaklqana
Kikubaaqudgha
Nemelex Xobeh
Okawaru
Sif Muna
Trog
Vehumet
Wu Jian
Xom
Yredelemnul
Zin
The Shining One

Shops:
D:3 [


Innate Abilities, Weirdness & Mutations

You are too large for most types of armour.
You have claws for hands.
Your natural rate of healing is unusually fast.
You are covered in fur. (AC +1)
You have tough skin. (AC +1)


Message History

The adder bites you but does no damage.
The gnoll hits you from afar with a +0 spear.
The gnoll hits you with a +0 club.
* * * LOW HITPOINT WARNING * * *
The gnoll hits you with a +0 club.
* * * LOW HITPOINT WARNING * * *
The gnoll barely misses you. The adder bites you but does no damage.
The gnoll hits you from afar with a +0 spear.
* * * LOW HITPOINT WARNING * * *
The gnoll hits you with a +0 club.
* * * LOW HITPOINT WARNING * * *
The gnoll hits you but does no damage. The gnoll closely misses you.
You are too injured to fight recklessly!
You claw the gnoll! You claw the gnoll.
You kill the gnoll!
Trog accepts your kill.
Your surroundings suddenly seem different.
You feel very sick.
An orc comes into view. It is wielding a +0 mace.
The orc shouts!
A killer bee zombie comes into view.
Found four items.
You feel sick.
Found a stone staircase leading up.
You are too injured to fight recklessly!
You feel sick. The killer bee zombie hits you.
* * * LOW HITPOINT WARNING * * *
The orc misses you.
You feel sick. The killer bee zombie hits you.
* * * LOW HITPOINT WARNING * * *
The killer bee zombie completely misses you.
The killer bee zombie hits you.
* * * LOW HITPOINT WARNING * * *
You see here 6 gold pieces.
You barely miss the orc.
You feel sick. The killer bee zombie hits you.
* * * LOW HITPOINT WARNING * * *
The orc hits you with a +0 mace.
* * * LOW HITPOINT WARNING * * *
The killer bee zombie hits you.
You die...

#................
#..../...........
#.............[..
#.............$..
.<...............
.................
................#
#......oZ......#
#......@..#.####
.......#......#
...:...#......#
..............#
..............#
..............#
........#.....#
....... .....#


You could see an orc and a killer bee zombie.

Vanquished Creatures
  2 orc warriors (D:7)
  A hornet zombie (D:7)
  A sky beast (D:7)
  2 bullfrogs (D:7)
  A water moccasin zombie (D:7)
  A wyvern zombie (D:7)
  A wyvern skeleton (D:7)
  A hound (D:7)
  A quasit (D:7)
  An orc priest (D:7)
  Jessica (D:3)
  Terence (D:2)
  An iguana (D:4)
  4 orc wizards (D:7)
  Robin (D:2)
  A gnoll (D:6)
  2 adders
  A shadow imp (D:7)
  An ufetubus (D:7)
  2 worms
  2 dart slugs (D:2)
  18 orcs
  3 endoplasms (D:1)
  A giant cockroach (D:1)
  14 goblins
  13 hobgoblins
  12 jackals
  5 quokkas
  7 ball pythons
  4 bats
  5 frilled lizards
  A goblin skeleton (D:7)
  A goblin zombie (D:7)
  2 hobgoblin zombies (D:7)
  9 kobolds
  3 kobold zombies (D:7)
  2 orc skeletons (D:7)
  An orc zombie (D:7)
  7 rats
137 creatures vanquished.

Vanquished Creatures (others)
  2 fungi (D:1)
  10 plants (D:1)
12 creatures vanquished.

Grand Total: 149 creatures vanquished

Notes
Turn   | Place    | Note
-------+----------+-------------------------------------------
     0 | D:1      | Ancestrald the Troll Berserker began the quest for the Orb.
     0 | D:1      | Reached XP level 1. HP: 22/22 MP: 0/0
   237 | D:1      | Reached XP level 2. HP: 29/29 MP: 1/1
   289 | D:1      | Found a faded altar of an unknown god.
   562 | D:1      | Reached ** piety under Trog
   849 | D:1      | Reached XP level 3. HP: 36/36 MP: 2/2
  1323 | D:2      | Noticed Terence
  1336 | D:2      | Killed Terence
  1337 | D:2      | Reached skill level 4 in Unarmed Combat
  1403 | D:2      | Reached XP level 4. HP: 44/44 MP: 3/3
  1459 | D:2      | Noticed Robin
  1564 | D:2      | Killed Robin
  2035 | D:2      | Reached *** piety under Trog
  2506 | D:3      | Found a white marble altar of Elyvilon.
  2629 | D:3      | Reached XP level 5. HP: 40/52 MP: 4/4
  2677 | D:3      | Found Fupt's Antique Armour Shop.
  3032 | D:3      | Noticed Jessica
  3479 | D:3      | Killed Jessica
  3480 | D:3      | Reached skill level 5 in Unarmed Combat
  3488 | D:3      | Found a shimmering blue altar of Sif Muna.
  3911 | D:4      | You fall into a shaft and drop 3 floors!
  3942 | D:7      | Reached XP level 6. HP: 33/61 MP: 5/5
  3967 | D:7      | Found a glowing golden altar of the Shining One.
  4053 | D:7      | Found a basalt altar of Yredelemnul.
  4120 | D:7      | Reached **** piety under Trog
  4121 | D:7      | Reached skill level 6 in Unarmed Combat
  4153 | D:7      | Noticed an orc warrior
  4162 | D:7      | Reached XP level 7. HP: 67/67 MP: 6/6
  4209 | D:7      | Reached skill level 7 in Unarmed Combat
  4218 | D:7      | Found a radiant altar of Vehumet.
  4433 | D:7      | Found a glowing silver altar of Zin.
  4473 | D:7      | Reached XP level 8. HP: 78/78 MP: 7/7
  4506 | D:7      | Found a staircase to the Ecumenical Temple.
  4791 | D:7      | Reached skill level 8 in Unarmed Combat
  4920 | Temple   | Entered the Ecumenical Temple
  5103 | D:6      | HP: 1/78 [orc/+0 mace (5)]
  5103 | D:6      | Slain by a killer bee zombie

Illustrated notes

Levels and vault maps discovered:
D:1:      dpeg_arrival_connections, layout_loops_corners,
          shapermc_ecumenical_altar_mp_ritualfount,
          chequers_serial_rivers_large_b, minmay_split_cup_large
D:2:      layout_basic, wad_orctagon, uniq_robin, uniq_terence
D:3:      layout_rooms, lemuel_coloured_pillars_altar, tgw_sif, serial_shops,
          shop
D:4:      layout_rooms, chequers_serial_rivers_marsh
D:6:      layout_rooms, serial_shops, nicolae_shop_stone, kennysheep_mini, shop
D:7:      layout_loops_ring, nicolae_vehumet_altar_sigil,
          nicolae_tso_besieged_by_evil, overflow_temple_1_default, zin_treasury,
          minmay_temple_entry_nine_rooms, hangedman_abyss_or_decor_stabs
Temple:   compressed_dpeg_circular_temple

Skill      XL: |  1  2  3  4  5  6  7  8 |
---------------+-------------------------+-----
Unarmed Combat | 4 5 6 7 8 |  8.0
Dodging        | 3 4 |  4.5
Fighting       | 3 4 |  4.0
Stealth        | |  0.2

Action                   |  1- 3 |  4- 6 |  7- 9 || total
-------------------------+-------+-------+-------++-------
Melee: Unarmed           |    94 |   216 |    56 ||   366
       Punch             |     4 |     3 |     1 ||     8
 Fire: Hunting sling     |       |     1 |       ||     1
Invok: Berserk           |     7 |     8 |     4 ||    19
       Trog's Hand       |       |     2 |     4 ||     6
Evoke: Wand              |       |     1 |       ||     1
  Use: Scroll            |     4 |     3 |     8 ||    15
       Potion            |       |       |     2 ||     2
 Stab: Sleeping          |     1 |     2 |     1 ||     4
Armor: Animal skin       |    21 |    86 |    20 ||   127
Dodge: Dodged            |    34 |   133 |    53 ||   220

Table legend: (Time is in decaauts)
 A = Elapsed time spent in this place.
 B = Non-inter-level travel time spent in this place.
 C = Inter-level travel time spent in this place.
 D = Time resting spent in this place.
 E = Time spent auto-exploring this place.
 F = Levels seen in this place.
 G = Mean time per level.
                   A        B        C        D        E       F      G
               +--------+--------+--------+--------+--------+-----+--------+
         Total |   5322 |   4589 |    733 |    490 |   2327 |   7 |  760.3 |
       Dungeon |   5200 |   4467 |    733 |    490 |   2327 |   6 |  866.7 |
        Temple |    121 |    121 |      0 |      0 |      0 |   1 |  121.0 |
               +--------+--------+--------+--------+--------+-----+--------+

Top non-repeatable levels by time:
     D:1: 1370 daAuts
     D:3: 1219 daAuts
     D:2: 1161 daAuts
     D:7: 1090 daAuts
     D:4: 330 daAuts
  Temple: 121 daAuts
     D:6: 27 daAuts
